 Dungeon Crawl Stone Soup version 0.21.1-1-g345015f (webtiles) character file.

72 snakesoul the Poker (level 4, -7/35 HPs)
             Began as a Merfolk Skald on June 23, 2018.
             Mangled by a worm (8 damage)
             ... on level 2 of the Dungeon.
             The game lasted 00:04:26 (2143 turns).

snakesoul the Poker (Merfolk Skald)                 Turns: 2143, Time: 00:04:27

Health: -7/35      AC:  4    Str: 11    XL:     4   Next: 25%
Magic:  7/7        EV: 12    Int: 12    God:
Gold:   65         SH:  0    Dex: 14    Spells: 2/8 levels left

rFire    . . .     SeeInvis .   a - +0 spear
rCold    . . .     Gourm    .   (no shield)
rNeg     . . .     Faith    .   b - +0 leather armour
rPois    .         Spirit   .   k - +0 helmet
rElec    .         Reflect  .   (no cloak)
rCorr    .         Harm     .   (no gloves)
MR       .....                  (no boots)
Stlth    +.........             (no amulet)
HPRegen  0.11/turn              (no ring)
MPRegen  0.10/turn              (no ring)

@: no status effects
A: change form in water, swift swim, stealthy swim
a: no special abilities


You were on level 2 of the Dungeon.
You were not hungry.

You visited 1 branch of the dungeon, and saw 2 of its levels.

You collected 65 gold pieces.

Inventory:

Hand Weapons
 a - a +0 spear (weapon)
Armour
 b - a +0 leather armour (worn)
 k - a +0 helmet (worn)
Jewellery
 g - an uncursed amulet of the gourmand {unknown}
Scrolls
 e - a scroll of teleportation {unknown}
 f - a scroll of random uselessness {unknown}
 i - a scroll of identify {unknown}
Potions
 h - a potion of heal wounds {unknown}
 j - a potion of curing {unknown}
Books
 c - a book of Battle

   Spells                             Type                      Level
   a - Infusion                       Charms                       1
   b - Shroud of Golubria             Charms/Translocation         2
   c - Song of Slaying                Charms                       2
   d - Spectral Weapon                Hexes/Charms                 3
   e - Regeneration                   Charms/Necromancy            3
Comestibles
 d - 4 rations
 l - 4 chunks of flesh


   Skills:
 + Level 3.0 Fighting
 + Level 4.1 Polearms
 - Level 0.6 Armour
 - Level 2.6 Dodging
 + Level 2.6 Spellcasting
 + Level 3.9 Charms


You had 2 spell levels left.
You knew the following spells:

 Your Spells              Type           Power        Failure   Level  Hunger
a - Infusion              Chrm           ##..         7%          1    #......
b - Song of Slaying       Chrm           ##......     10%         2    ###....
c - Spectral Weapon       Hex/Chrm       #.......     41%         3    ###....


Dungeon Overview and Level Annotations

Branches:
Dungeon (2/15)

Altars:
Yredelemnul


Message History

The bat closely misses you. The worm bites you. The bat closely misses you.
The worm bites you. The bat hits you but does no damage. The bat misses you.
The worm bites you. The bat barely misses you.
The bat hits you but does no damage. The worm bites you!
The bat hits you but does no damage. The bat hits you but does no damage.
The worm bites you!
* * * LOW HITPOINT WARNING * * *
The bat barely misses you. The bat barely misses you.
The worm barely misses you. The bat misses you. The bat barely misses you.
The worm bites you.
* * * LOW HITPOINT WARNING * * *
The bat hits you but does no damage. The bat closely misses you.
The worm barely misses you.
A frilled lizard comes into view.
The bat barely misses you.
The frilled lizard moves out of view.
The worm bites you!
You die...

..#.#...#....#.
.#.............
.....#...#...# #
.............##.#.
....#.....#......
............# .#.
.#......###... ..
#...w..# #..# ..
+..@...# #..#..#
#...b..###..#..#
#####..#....#..##
#####...........##
...................
#######.........#####
...................
#####..##..........
.............)...


You could see a worm and a bat.

Vanquished Creatures
  Robin (D:2)
  A worm (D:2)
  A dart slug (D:1)
  A ball python (D:2)
  3 giant cockroaches
  7 goblins
  12 hobgoblins
  11 jackals
  4 kobolds
  A bat (D:2)
  3 frilled lizards (D:1)
  2 rats (D:1)
47 creatures vanquished.

Notes
Turn   | Place    | Note
-------+----------+-------------------------------------------
     0 | D:1      | snakesoul the Merfolk Skald began the quest for the Orb.
     0 | D:1      | Reached XP level 1. HP: 16/16 MP: 3/3
   269 | D:1      | Reached XP level 2. HP: 22/23 MP: 5/5
   988 | D:1      | Reached XP level 3. HP: 28/28 MP: 6/6
  1032 | D:1      | Learned a level 2 spell: Song of Slaying
  1036 | D:1      | Learned a level 3 spell: Spectral Weapon
  1720 | D:2      | Noticed Robin
  1740 | D:2      | Killed Robin
  1740 | D:2      | Reached skill level 4 in Polearms
  1740 | D:2      | Reached XP level 4. HP: 5/35 MP: 0/7
  2070 | D:2      | Found a basalt altar of Yredelemnul.
  2140 | D:2      | HP: 1/35 [worm (6)]
  2143 | D:2      | Mangled by a worm

Skill      XL: |  1  2  3 |
---------------+----------+-----
Fighting       | 3 |  3.0
Polearms       | 4 |  4.1
Armour         | |  0.6
Dodging        | |  2.6
Spellcasting   | |  2.6
Charms         | |  3.9

Action                   |  1- 3 |  4- 6 || total
-------------------------+-------+-------++-------
Melee: Spear             |   159 |    31 ||   190
 Cast: Infusion          |     1 |       ||     1
 Stab: Sleeping          |     1 |       ||     1
  Eat: Chunk             |     2 |     2 ||     4
Armor: Leather armour    |    26 |    28 ||    54
Dodge: Dodged            |    83 |    51 ||   134
